 Dungeon Crawl Stone Soup version 0.29.1-12-g30fa7ad0bf (webtiles) character file.

Game seed: 4496941445119197999

422 safid the Shooter (level 6, 0/57 HPs)
             Began as a Minotaur Hunter on Dec 12, 2022.
             Killed from afar by a steam dragon (18 damage)
             ... with a ball of steam
             ... on level 4 of the Dungeon.
             The game lasted 00:05:45 (3157 turns).

safid the Shooter (Minotaur Hunter)                 Turns: 3157, Time: 00:05:46

Health: 0/57       AC:  3    Str: 15    XL:     6   Next: 63%
Magic:  5/5        EV: 12    Int:  6    God:
Gold:   271        SH:  0    Dex: 16    Spells: 5/5 levels left

rFire   . . .      SeeInvis .   a - +0 shortbow
rCold   . . .      Faith    .   (shield currently unavailable)
rNeg    . . .      Spirit   .   c - +0 leather armour
rPois   .          Reflect  .   (helmet restricted)
rElec   .          Harm     .   (no cloak)
rCorr   .          Rampage  .   (no gloves)
Will    .....                   (no boots)
Stlth   +.........              (no amulet)
HPRegen 0.19/turn               (no ring)
MPRegen 0.09/turn               (no ring)

@: no status effects
A: horns 2, retaliatory headbutt
a: no special abilities


You were on level 4 of the Dungeon.
You visited 1 branch of the dungeon, and saw 4 of its levels.
You also visited: Sewer.

You collected 271 gold pieces.

Inventory:

Hand Weapons
 a - a +0 shortbow (weapon)
Armour
 c - a +0 leather armour (worn)
Wands
 l - a wand of roots (8)
 p - a wand of polymorph (1)
 t - a wand of flame (16)
Scrolls
 b - a scroll of immolation
 d - a scroll of poison {unknown}
 g - a scroll of enchant weapon {unknown}
 k - 5 scrolls of identify {unknown}
 m - a scroll of torment {unknown}
 q - a scroll of noise {unknown}
 u - a scroll of brand weapon {unknown}
 v - a scroll of amnesia {unknown}
Potions
 e - a potion of mutation {unknown}
 f - 6 potions of flight {unknown}
 h - 3 potions of resistance {unknown}
 i - 2 potions of haste
 j - 4 potions of heal wounds {unknown}
 n - a potion of berserk rage {unknown}
 o - a potion of lignification {unknown}
 r - a potion of might {unknown}
 s - a potion of attraction {unknown}
 w - 2 potions of curing {unknown}


   Skills:
 + Level 6.3 Fighting
 + Level 7.0 Ranged Weapons
 - Level 2.1 Dodging
 - Level 0.7 Stealth


You had 5 spell levels left.
You didn't know any spells.
Your spell library contained the following spells:

 Spells                   Type           Power      Damage    Failure   Level
 Ensorcelled Hibernation  Hex/Ice        0%         N/A       67%         2
 Spider Form              Tmut/Pois      0%         N/A       88%         3
 Anguish                  Hex/Necr       0%         N/A       99%         4


Dungeon Overview and Level Annotations

Branches:
Dungeon (4/15)              Sewer (visited)
 Temple: D:4-7

Altars:
Vehumet

Annotations:
D:2 1 runed translucent door, Crazy Yiuf


Innate Abilities, Weirdness & Mutations

You have a pair of horns on your head.
You reflexively headbutt those who attack you in melee.


Message History

You kill the endoplasm!
Your Ranged Weapons skill increases to level 7!
No target in view!
No target in view!
No target in view!
You see here 3 poisoned darts.
Found a stone staircase leading up.
There is a stone staircase leading up here.
A steam dragon comes into view.
A steam dragon is nearby!
A steam dragon is nearby!
You shoot an arrow. The arrow hits the steam dragon.
The steam dragon hisses angrily.
The steam dragon is lightly wounded.
You shoot an arrow. The arrow hits the steam dragon!
The steam dragon is moderately wounded.
You shoot an arrow. The arrow hits the steam dragon.
The steam dragon is moderately wounded.
You shoot an arrow. The arrow hits the steam dragon.
The steam dragon is heavily wounded.
The steam dragon breathes steam at you. The ball of steam hits you!!
You hear a shout!
No target in view!
No target in view!
No target in view!
You are engulfed in a cloud of scalding steam.
You are engulfed in a cloud of scalding steam.
You are engulfed in a cloud of scalding steam.
You are too injured to fight recklessly!
You are too injured to fight recklessly!
You are too injured to fight recklessly!
Fire: a) +0 shortbow
Press: ? - help, Q - select action, (/) - cycle Shift-Dir - straight line, f/p - steam dragon
Aim: a steam dragon (heavily wounded, 66% to hit)
You shoot an arrow. The arrow hits the steam dragon.
The steam dragon is severely wounded.
The steam dragon breathes steam at you. The ball of steam hits you!!
You die...

...#..#
#.......#
##....#
#######.#
###.#.#
#.#
....#.#
#.#
#####.#
#.#
.####.#
#.#
......#
#.#
...####
#.#
........
#@#
.....###
#§#
......#
#§#
.....##
#.#
....##
#D# ...##
#.# ..##
#.# ..#
#.# .##
#D#


There were no monsters in sight!

Vanquished Creatures
  Pargi (Sewer)
  A phantom (D:4)
  A hound (D:4)
  Terence (D:2)
  An iguana (D:4)
  Natasha (thrice) (D:2)
  3 adders
  A worm (D:3)
  4 dart slugs
  5 orcs (D:4)
  5 ball pythons
  12 bats
  9 endoplasms
  A giant cockroach (D:3)
  5 goblins
  2 hobgoblins
  4 jackals
  2 kobolds (D:1)
  4 frilled lizards
65 creatures vanquished.

Notes
Turn   | Place    | Note
-------+----------+-------------------------------------------
     0 | D:1      | safid the Minotaur Hunter began the quest for the Orb.
     0 | D:1      | Reached XP level 1. HP: 18/18 MP: 0/0
   157 | D:1      | Reached XP level 2. HP: 25/25 MP: 1/1
   873 | D:2      | Noticed Natasha
   881 | D:2      | Killed Natasha
   882 | D:2      | Reached skill level 5 in Ranged Weapons
   882 | D:2      | Reached XP level 3. HP: 18/33 MP: 2/2
  1057 | D:2      | Noticed Natasha
  1061 | D:2      | Killed Natasha
  1062 | D:2      | Reached XP level 4. HP: 40/40 MP: 3/3
  1072 | D:2      | Noticed Terence
  1081 | D:2      | Killed Terence
  1267 | D:2      | Found a runed translucent door.
  1268 | D:2      | Noticed Crazy Yiuf
  1333 | D:2      | Noticed Natasha
  1336 | D:2      | Killed Natasha
  1351 | D:2      | Found a radiant altar of Vehumet.
  1692 | D:3      | Found a faded altar of an unknown god.
  1709 | D:3      | Found a radiant altar of Vehumet.
  1711 | D:3      | Reached XP level 5. HP: 47/47 MP: 4/4
  2185 | D:3      | Found a glowing drain.
  2190 | D:3      | Reached skill level 5 in Fighting
  2190 | D:3      | Reached skill level 6 in Ranged Weapons
  2198 | Sewer    | Entered a sewer
  2234 | Sewer    | Noticed Pargi
  2244 | Sewer    | Killed Pargi
  2729 | D:4      | Reached XP level 6. HP: 56/56 MP: 5/5
  3065 | D:4      | Reached skill level 7 in Ranged Weapons
  3148 | D:4      | Noticed a steam dragon
  3157 | D:4      | Killed from afar by a steam dragon

Illustrated notes

Levels and vault maps discovered:
D:1:      dpeg_arrival_radiant, layout_rooms
D:2:      layout_loops_ring, basic_altar, uniq_crazy_yiuf_cottage, uniq_terence,
          uniq_natasha
D:3:      layout_basic, vehumet_altar_wand_db,
          ebering_ecumenical_altar_abandoned, portal_sewer_entry_d
D:4:      layout_loops_ring

Skill      XL: |  1  2  3  4  5  6 |
---------------+-------------------+-----
Fighting       | 3 4 5 6 |  6.3
Ranged Weapons | 5 6 7 |  7.0
Dodging        | |  2.1
Stealth        | |  0.7

Action                   |  1- 3 |  4- 6 || total
-------------------------+-------+-------++-------
Melee: Unarmed           |     2 |       ||     2
 Fire: Shortbow          |    53 |   137 ||   190
Armor: Leather armour    |     1 |    21 ||    22
Dodge: Dodged            |     9 |    41 ||    50
